 Dungeon Crawl Stone Soup version 0.24.0-125-gc4c63601f3 (webtiles) character file.

Game seed: 5166175611530615550, levelgen mode: deterministic

9409 nightchill the Geomancer (level 11, -5/69 HPs)
             Began as a Gargoyle Earth Elementalist on Mar 12, 2020.
             Was an Elder of Okawaru.
             Slain by a red ugly thing (23 damage)
             ... on level 11 of the Dungeon on Mar 13, 2020.
             The game lasted 00:44:20 (13465 turns).

nightchill the Geomancer (GrEE)                    Turns: 13465, Time: 00:44:21

Health: -5/69      AC: 22    Str: 18    XL:     11   Next: 46%
Magic:  13/15      EV: 13    Int: 16    God:    Okawaru [****..]
Gold:   325        SH:  0    Dex: 10    Spells: 6/14 levels left

rFire    . . .     SeeInvis .   D - +2 flail (protect)
rCold    + . .     Gourm    .   (no shield)
rNeg     + . .     Faith    .   L - +0 ring mail (curse)
rPois    ∞         Spirit   .   (no helmet)
rElec    +         Reflect  .   I - +0 cloak
rCorr    .         Harm     .   (no gloves)
MR       .....                  (no boots)
Stlth    +++.......             y - amulet of regeneration
HPRegen  0.61/turn              m - ring of protection from cold
MPRegen  0.14/turn              x - +3 ring of strength

@: heroism, protection aura
A: negative energy resistance 1, electricity resistance, unbreathing,
petrification resistance, rot immunity, AC +8
a: Heroism, Renounce Religion


You were on level 11 of the Dungeon.
You worshipped Okawaru.
Okawaru was greatly pleased with you.
You were not hungry.

You visited 2 branches of the dungeon, and saw 12 of its levels.

You collected 445 gold pieces.
You spent 120 gold pieces at shops.

Inventory:

Hand Weapons
 e - a cursed +0 hunting sling
 f - a +1 whip
 D - a +2 flail of protection (weapon)
 K - a +0 arbalest
Missiles
 b - 217 stones (quivered)
 n - 102 sling bullets
 q - a throwing net
 N - 2 silver boomerangs
Armour
 g - a +2 robe of positive energy
 I - a +0 cloak (worn)
 L - a cursed +0 ring mail (worn)
Jewellery
 m - a ring of protection from cold (left hand)
 r - a +3 ring of dexterity
 x - a +3 ring of strength (right hand)
 y - an amulet of regeneration (around neck)
Wands
 a - a wand of digging (14)
 c - a wand of flame (20)
 i - a wand of paralysis (3)
 j - a wand of polymorph (8)
Scrolls
 l - a scroll of enchant armour
 o - 3 scrolls of remove curse
 s - 2 scrolls of torment {unknown}
 A - 3 scrolls of amnesia
 B - a scroll of immolation
 C - a scroll of fear
 G - a scroll of magic mapping {unknown}
 H - 3 scrolls of silence {unknown}
 M - a scroll of identify
Potions
 h - 7 potions of curing
 k - 2 potions of might {unknown}
 p - a potion of cancellation
 t - 4 potions of flight
 u - 3 potions of invisibility
 v - a potion of berserk rage {unknown}
 w - 3 potions of lignification {unknown}
 z - 2 potions of resistance
 E - 4 potions of ambrosia {unknown}
 F - a potion of haste {unknown}
Comestibles
 d - 17 rations
 J - 5 chunks of flesh


   Skills:
 + Level 8.4(13.4) Fighting
 * Level 10.8(15.8) Maces & Flails
 - Level 1.5(6.5) Dodging
 - Level 2.1(7.1) Stealth
 - Level 2.0 Spellcasting
 - Level 0.7 Transmutations
 * Level 12.1 Earth Magic
 + Level 6.3 Invocations


You had 6 spell levels left.
You knew the following spells:

 Your Spells              Type           Power        Failure   Level  Hunger
a - Sandblast             Erth           #####.       1%          1    #......
b - Passwall              Tmut/Erth      ###.....     3%          2    ###....
c - Lee's Rapid Deconstr  Erth           #####.....   7%          5    ######.

Your spell library contained the following spells:

 Spells                   Type           Power        Failure   Level  Hunger
 Stone Arrow              Conj/Erth      ###...       9%          3    ###....
 Petrify                  Tmut/Erth      ###.....     24%         4    #####..
 Leda's Liquefaction      Hex/Erth       ###.......   28%         4    #####..
 Confusing Touch          Hex            #.....       34%         1    #......
 Corona                   Hex            #......      34%         1    #......
 Flame Tongue             Conj/Fire      #....        34%         1    #......
 Magic Dart               Conj           #...         34%         1    #......
 Searing Ray              Conj           #.....       45%         2    ###....
 Slow                     Hex            #.......     45%         2    ###....
 Throw Flame              Conj/Fire      #.....       45%         2    ###....
 Confuse                  Hex            #.......     71%         3    ###....
 Conjure Flame            Conj/Fire      #.......     71%         3    ###....
 Dazzling Spray           Conj/Hex       #.....       71%         3    ###....
 Gell's Gravitas          Tloc           #.........   71%         3    ###....
 Inner Flame              Hex/Fire       #.......     71%         3    ###....
 Portal Projectile        Hex/Tloc       #.....       71%         3    ###....
 Cause Fear               Hex            #.........   98%         4    #####..
 Force Lance              Conj/Tloc      #.......     98%         4    #####..
 Fulminant Prism          Conj/Hex       #.........   98%         4    #####..
 Iskenderun's Mystic Bla  Conj           #.......     98%         4    #####..
 Sticky Flame             Conj/Fire      #.......     98%         4    #####..
 Fireball                 Conj/Fire      #.........   100%        5    ######.
 Metabolic Englaciation   Hex/Ice        #.........   100%        5    ######.
 Silence                  Hex/Air        #.........   100%        5    ######.
 Yara's Violent Unravell  Hex/Tmut       #.........   100%        5    ######.
 Deflect Missiles         Chrm/Air       #.........   100%        6    #######
 Discord                  Hex            #.........   100%        8    #######


Dungeon Overview and Level Annotations

Branches:
Dungeon (11/15)            Temple (1/1) D:7             Orc (0/2) D:10
   Lair: D:8-11

Altars:
Ashenzari
Cheibriados
Dithmenos
Elyvilon
Fedhas
Hepliaklqana
Kikubaaqudgha
Makhleb
Okawaru
Qazlal
Ru
Sif Muna
Trog
Uskayaw
Vehumet
Wu Jian
Xom
Yredelemnul
Zin

Shops:
D:5 }   D:8 !

Annotations:
D:1 exclusion: downstairs
D:2 1 runed translucent door, Crazy Yiuf
D:10 exclusion: downstairs
D:11 Sonja


Innate Abilities, Weirdness & Mutations

You are resistant to torment.
Your stone body is resilient. (AC +8)
You are immune to poison.
You resist negative energy. (rN+)
You are resistant to electric shocks. (rElec)
You can survive without breathing.
You are immune to petrification.
You are immune to rotting.


Message History

Something tries to affect you, but you resist.
Things that are here:
a +0 scythe; an orc skeleton
Things that are here:
a +0 short sword; a +0 leather armour The red ugly thing gores you!
You are engulfed in flames!
You gain the combat prowess of a mighty hero.
The red ugly thing gores you but does no damage.
You sock the red ugly thing!
Your weapon exudes an aura of protection.
The red ugly thing is lightly wounded.
You bludgeon the red ugly thing!!
The red ugly thing is heavily wounded.
The red ugly thing gores you but does no damage.
You sock the red ugly thing!
The red ugly thing is heavily wounded.
The red ugly thing gores you.
* * * LOW HITPOINT WARNING * * *
You are engulfed in flames!!
You die...

#......#.......#
####...###.......#
#..........$......
#................#
#.....o÷.........#
####.o.######..#.#
#o)..<# .# #u#...#
# #@#.#.# #.#...#
#.###.# ... #..
... ..## #...####
.#.## ....


You could see a red ugly thing and an orc.

Vanquished Creatures
  Josephine (D:10)
  3 two-headed ogres
  An ugly thing (D:10)
  Joseph (D:10)
  2 trolls
  2 hippogriffs
  7 yaks
  3 wraiths
  A wyvern (D:10)
  3 water moccasins
  2 orc warriors
  A black bear (D:7)
  3 necrophages
  3 ice beasts
  A sky beast (D:10)
  4 centaurs
  3 ogres
  A big kobold (D:9)
  3 bullfrogs
  2 scorpions
  4 killer bees (D:10)
  4 crimson imps
  A centaur zombie (D:7)
  A jelly (D:6)
  2 hounds
  4 orc wizards
  10 orc priests
  2 bullfrog skeletons
  4 iguanas
  7 worker ants
  2 hound skeletons
  A worker ant zombie (D:7)
  16 adders
  An ooze (D:2)
  An adder zombie (D:8)
  An adder skeleton (D:6)
  4 worms
  3 dart slugs
  3 leopard geckos
  36 orcs
  A ball python (D:2)
  5 bats
  5 giant cockroaches
  6 goblins
  13 hobgoblins
  3 jackals (D:2)
  6 quokkas
  2 frilled lizards
  11 kobolds
  A leopard gecko skeleton (D:4)
  8 rats
215 creatures vanquished.

Notes
Turn   | Place    | Note
-------+----------+-------------------------------------------
     0 | D:1      | nightchill the Gargoyle Earth Elementalist began the quest
                  | for the Orb.
     0 | D:1      | Reached XP level 1. HP: 10/10 MP: 3/3
   104 | D:1      | Reached skill level 4 in Earth Magic
   106 | D:1      | Reached XP level 2. HP: 9/16 MP: 1/5
   245 | D:1      | Learned a level 2 spell: Passwall
   314 | D:1      | Reached skill level 1 in Fighting
  1162 | D:1      | Reached skill level 1 in Maces & Flails
  1162 | D:1      | Reached XP level 3. HP: 20/20 MP: 6/6
  2404 | D:2      | Reached XP level 4. HP: 18/26 MP: 7/7
  2835 | D:2      | Found a faded altar of an unknown god.
  3023 | D:2      | Noticed an ice beast
  3810 | D:2      | Found a runed translucent door.
  3811 | D:2      | Noticed Crazy Yiuf
  4808 | D:4      | Reached XP level 5. HP: 16/30 MP: 5/8
  5541 | D:4      | You fall into a shaft and drop 3 floors!
  5550 | D:7      | Noticed an ogre
  5553 | D:6      | Noticed a centaur
  5600 | D:6      | Reached skill level 5 in Earth Magic
  6186 | D:6      | Killed a centaur
  6186 | D:6      | Reached XP level 6. HP: 20/37 MP: 3/9
  6660 | D:5      | Entered Level 5 of the Dungeon
  6668 | D:5      | Noticed a hippogriff
  6754 | D:4      | Reached XP level 7. HP: 35/41 MP: 10/10
  7049 | D:4      | Killed a hippogriff
  7049 | D:4      | Reached skill level 5 in Maces & Flails
  7049 | D:4      | Reached skill level 6 in Earth Magic
  7246 | D:4      | Learned a level 5 spell: Lee's Rapid Deconstruction
  7414 | D:5      | Found Hoadek's Gadget Boutique.
  7420 | D:5      | Bought a wand of paralysis (8) for 120 gold pieces
  7778 | D:5      | Found a basalt altar of Yredelemnul.
  8240 | D:6      | Reached XP level 8. HP: 43/48 MP: 11/11
  8746 | D:7      | Reached skill level 5 in Fighting
  8746 | D:7      | Reached skill level 7 in Earth Magic
  8929 | D:7      | Found a staircase to the Ecumenical Temple.
  8938 | Temple   | Entered the Ecumenical Temple
  8968 | Temple   | Became a worshipper of Warmaster Okawaru
  9320 | D:7      | Reached skill level 1 in Invocations
  9618 | D:8      | Reached XP level 9. HP: 52/55 MP: 12/12
  9642 | D:7      | Reached skill level 8 in Earth Magic
  9790 | D:8      | Reached * piety under Okawaru
  9879 | D:8      | Found Gysunleco's Distillery.
 10302 | D:9      | Reached skill level 9 in Earth Magic
 10552 | D:9      | Got a shimmering diamond amulet
 10553 | D:9      | Identified the amulet "Winudan" {Faith Str+3 Int+3 Stlth+}
                  | (You found it on level 9 of the Dungeon)
 11054 | D:9      | Noticed a two-headed ogre
 11203 | D:8      | Killed a two-headed ogre
 11203 | D:8      | Reached ** piety under Okawaru
 11203 | D:8      | Reached skill level 10 in Earth Magic
 11203 | D:8      | Reached XP level 10. HP: 16/61 MP: 10/13
 11561 | D:10     | Entered Level 10 of the Dungeon
 11583 | D:10     | Noticed Joseph
 11681 | D:10     | Killed Joseph
 11684 | D:10     | Noticed a two-headed ogre
 11780 | D:10     | Killed a two-headed ogre
 11780 | D:10     | Reached skill level 5 in Invocations
 11831 | D:10     | Noticed a two-headed ogre
 11838 | D:10     | Killed a two-headed ogre
 11838 | D:10     | Reached *** piety under Okawaru
 11838 | D:10     | Reached skill level 11 in Earth Magic
 12047 | D:10     | Reached skill level 10 in Maces & Flails
 12152 | D:10     | Noticed Josephine
 12256 | D:10     | Killed Josephine
 12256 | D:10     | Reached XP level 11. HP: 62/68 MP: 13/15
 12363 | D:10     | Found a staircase to the Orcish Mines.
 12986 | D:11     | Reached **** piety under Okawaru
 13004 | D:11     | Reached skill level 12 in Earth Magic
 13063 | D:11     | Noticed Sonja
 13071 | D:11     | Noticed a purple ugly thing
 13071 | D:11     | Noticed a red ugly thing
 13087 | D:10     | Killed a purple ugly thing
 13465 | D:11     | Slain by a red ugly thing

Levels and vault maps discovered:
D:1:      psy_arrival_whirlpool, layout_basic
D:2:      layout_basic, chequers_ecumenical_altar_twisty,
          uniq_crazy_yiuf_cottage
D:3:      layout_basic, first_ration
D:4:      layout_cave_pools
D:5:      layout_layer_cave, kennysheep_mini, serial_shops, shop
D:6:      layout_cave_pools
D:7:      layout_cave_pools, lemuel_temple_firewalk_b
D:8:      layout_rooms, serial_shops, shop
D:9:      layout_loops_ring
D:10:     layout_loops_cross, david_orc_2, uniq_joseph, uniq_josephine
D:11:     layout_loops_cross, lair_entry_dummy, uniq_sonja, uniq_urug
Temple:   compressed_dpeg_triangle_lava_temple

Skill      XL: |  1  2  3  4  5  6  7  8  9 10 11 |
---------------+----------------------------------+-----
Earth Magic    | 4 5 6 7 10 11 12 | 12.1
Fighting       | 1 2 3 4 5 6 8 |  8.4
Maces & Flails | 1 2 3 4 5 7 9 10 | 10.8
Invocations    | 1 4 5 6 |  6.3
Dodging        | |  1.5
Stealth        | |  2.1
Spellcasting   | |  2.0
Transmutations | |  0.7

Action                   |  1- 3 |  4- 6 |  7- 9 | 10-12 || total
-------------------------+-------+-------+-------+-------++-------
Melee: Unarmed           |    22 |       |       |       ||    22
       Whip              |   144 |   258 |   108 |       ||   510
       Flail             |       |       |   350 |   256 ||   606
       Punch             |       |       |       |     3 ||     3
Throw: Stone             |       |       |     3 |       ||     3
 Cast: Sandblast         |     8 |    14 |    28 |       ||    50
       Passwall          |     3 |     8 |     3 |       ||    14
       Lee's Rapid Decon |       |       |     1 |    10 ||    11
Invok: Heroism           |       |       |     7 |    14 ||    21
Evoke: Wand              |       |     3 |     4 |     1 ||     8
  Use: Scroll            |       |    14 |     7 |       ||    21
       Potion            |       |     1 |       |     1 ||     2
 Stab: Sleeping          |     3 |     2 |       |       ||     5
       Distracted        |     1 |       |       |     1 ||     2
  Eat: Chunk             |     5 |    13 |    14 |    12 ||    44
       Ration            |       |       |     1 |       ||     1
Armor: Robe              |    47 |    98 |    63 |       ||   208
       Ring mail         |       |       |   140 |   121 ||   261
Dodge: Dodged            |    95 |   194 |   254 |   145 ||   688
